 Dungeon Crawl Stone Soup version 0.29.0-13-gc9e81de378 (webtiles) character file.

Game seed: 12838152645589620533

121 trckry the Trooper (level 4, -2/36 HPs)
             Began as a Demonspawn Fighter on Sept 7, 2022.
             Slain by Pikel
             ... wielding a +2 whip of flaming
              (7 damage)
             ... on level 4 of the Dungeon.
             The game lasted 00:04:03 (3040 turns).

trckry the Trooper (Demonspawn Fighter)             Turns: 3040, Time: 00:04:03

Health: -2/36      AC:  6    Str: 18    XL:     4   Next: 76%
Magic:  4/4        EV:  9    Int: 10    God:
Gold:   158        SH:  4    Dex: 12    Spells: 3/3 levels left

rFire   . . .      SeeInvis +   a - +1 flail (vorpal)
rCold   . . .      Faith    .   c - +0 buckler
rNeg    . . .      Spirit   .   b - +0 scale mail
rPois   .          Reflect  .   (helmet restricted)
rElec   .          Harm     .   (no cloak)
rCorr   .          Rampage  .   (no gloves)
Will    .....                   (no boots)
Stlth   ..........              (no amulet)
HPRegen 0.12/turn               w - +4 ring of slaying
MPRegen 0.09/turn               q - ring of see invisible

@: mighty
A: antennae 1, powered by pain 1
a: no special abilities


You were on level 4 of the Dungeon.
You visited 1 branch of the dungeon, and saw 4 of its levels.

You collected 158 gold pieces.

Inventory:

Hand Weapons
 a - a +1 vorpal flail (weapon)
Missiles
 v - 6 poisoned darts (quivered)
Armour
 b - a +0 scale mail (worn)
 c - a +0 buckler (worn)
Jewellery
 q - a ring of see invisible (right hand)
 s - a ring of protection from cold
 w - a +4 ring of slaying (left hand)
Scrolls
 g - a scroll of enchant weapon {unknown}
 h - a scroll of noise {unknown}
 i - 2 scrolls of silence {unknown}
 m - a scroll of enchant armour {unknown}
 n - a scroll of immolation {unknown}
 p - a scroll of amnesia {unknown}
 r - 2 scrolls of teleportation {unknown}
 t - a scroll of fear {unknown}
 y - a scroll of brand weapon {unknown}
 A - a scroll of vulnerability {unknown}
 B - 2 scrolls of identify {unknown}
Potions
 e - a potion of degeneration {unknown}
 f - 2 potions of curing {unknown}
 j - a potion of heal wounds {unknown}
 k - a potion of magic {unknown}
 l - a potion of lignification {unknown}
 o - a potion of berserk rage {unknown}
 u - a potion of mutation {unknown}
 x - 2 potions of attraction {unknown}
 z - a potion of ambrosia {unknown}


   Skills:
 + Level 3.6 Fighting
 * Level 3.1 Maces & Flails
 + Level 3.3 Armour
 + Level 3.2 Shields


You had 3 spell levels left.
You didn't know any spells.
Your spell library contained the following spells:

 Spells                   Type           Power      Damage    Failure   Level
 Ensorcelled Hibernation  Hex/Ice        0%         N/A       93%         2
 Passwall                 Tmut/Erth      0%         N/A       93%         2
 Gell's Gravitas          Tloc           0%         N/A       99%         3
 Lesser Beckoning         Tloc           0%         N/A       99%         3
 Swiftness                Air            0%         N/A       99%         3
 Teleport Other           Tloc           0%         N/A       99%         3


Dungeon Overview and Level Annotations

Branches:
Dungeon (4/15) Zot: 20900
 Temple: D:4-7

Altars:
Xom

Shops:
D:2 (

Annotations:
D:4 Pikel


Innate Abilities, Weirdness & Mutations

You have a pair of small antennae on your head.
You sometimes gain a little power by taking damage.


Message History

a +0 short sword; 4 stones
Found a lumpy black potion.
You see here a +1 vorpal flail.
C - a +1 vorpal flail
Okay, then.
C - a +1 vorpal flail (weapon)
Adjust (i)tems, (s)pells, or (a)bilities?
C - a +1 vorpal flail (weapon)
Adjust to which letter? (? for menu, Esc to quit)
a - a +1 vorpal flail (weapon);
C - a +0 flail You drop a +0 flail.
A lemure comes into view.
A lemure is nearby!
A lemure comes into view.
The lemure shouts!
You hear a shout! x2
Pikel, Merchant of Souls comes into view.
He is wielding a +2 whip of flaming.
There is a stone staircase leading down here.
You aren't carrying any items that you can evoke.
You feel very mighty all of a sudden.
You closely miss the lemure. The lemure closely misses you.
You closely miss the lemure. The lemure hits you but does no damage.
You closely miss the lemure. The lemure hits you but does no damage.
Pikel says, "It's all about the gold, really."
Pikel drinks a potion.
Pikel seems to grow stronger.
The lemure hits you.
You take 6 damage, and have 30/36 hp.
You barely miss the lemure. You barely miss Pikel. You hit Pikel.
Pikel is lightly wounded.
Pikel hits you with a +2 whip of flaming!
Pikel burns you.
You take 14 damage, and have 17/36 hp.
MASSIVE DAMAGE!!
You thump Pikel!
Pikel is severely wounded.
Pikel hits you with a +2 whip of flaming!
* * * LOW HITPOINT WARNING * * *
Pikel burns you.
* * * LOW HITPOINT WARNING * * *
Pikel hits you with a +2 whip of flaming!
You die...

#.........# #######K###
#5# ############ #.#
#..........# #5#
#.#######.## #.#
#.#######.# #.#
#.#.......#
#.########.#.##########
#...55K@...#...#....<.#
############...#.######
#........# #...#.#
#.######.# #...#.# #.#
#....# #...#.# #.#
#.#### #...#.# #.#
#.######...#.##### #.#
#..........#.....#
#.###########..#####.##


You could see Pikel (strong) and 2 lemures.

Vanquished Creatures
  An orc priest (D:3)
  2 adders
  A dart slug (D:4)
  4 orcs (D:3)
  7 ball pythons (D:1)
  2 bats (D:2)
  5 endoplasms (D:1)
  4 giant cockroaches
  8 hobgoblins
  4 kobolds
  4 quokkas
  3 frilled lizards
  9 goblins
  9 rats
63 creatures vanquished.

Vanquished Creatures (others)
  A fungus (D:1)
1 creature vanquished.

Grand Total: 64 creatures vanquished

Notes
Turn   | Place    | Note
-------+----------+-------------------------------------------
     0 | D:1      | trckry the Demonspawn Fighter began the quest for the Orb.
     0 | D:1      | Reached XP level 1. HP: 18/18 MP: 1/1
    76 | D:1      | Found a faded altar of an unknown god.
   274 | D:1      | Gained mutation: You have a pair of small antennae on your
                  | head. [demonic ancestry]
   274 | D:1      | Reached XP level 2. HP: 24/24 MP: 2/2
  1161 | D:2      | Found a shimmering altar of Xom.
  1184 | D:2      | Gained mutation: You sometimes gain a little power by
                  | taking damage. [demonic ancestry]
  1184 | D:2      | Reached XP level 3. HP: 29/29 MP: 3/3
  1297 | D:2      | You fall into a shaft and drop 2 floors!
  1647 | D:2      | Found Veyj's Antique Weapon Shoppe.
  2212 | D:3      | Reached XP level 4. HP: 11/35 MP: 4/4
  2999 | D:4      | Noticed a lemure
  3000 | D:4      | Noticed a lemure
  3000 | D:4      | Noticed Pikel
  3040 | D:4      | HP: 5/36 [Pikel/+2 whip of flaming (4)]
  3040 | D:4      | Slain by Pikel

Illustrated notes

Levels and vault maps discovered:
D:1:      lightli_arrival_boilingwater, layout_loops_ring,
          shapermc_ecumenical_altar_gd
D:2:      layout_loops_ring, basic_altar, serial_shops, shop, minmay_tripent
D:3:      layout_basic
D:4:      layout_basic, uniq_pikel, uniq_crazy_yiuf_cottage, uniq_eustachio

Skill      XL: |  1  2  3 |
---------------+----------+-----
Maces & Flails | 2 3 |  3.1
Armour         | 3 |  3.3
Shields        | 3 |  3.2
Fighting       | |  3.6

Action                   |  1- 3 |  4- 6 || total
-------------------------+-------+-------++-------
Melee: Flail             |   152 |    35 ||   187
  Use: Potion            |       |     1 ||     1
Armor: Scale mail        |    72 |    15 ||    87
Dodge: Dodged            |    65 |    11 ||    76
Block: Buckler           |    29 |     7 ||    36
